 Dungeon Crawl Stone Soup version 0.28.0 (webtiles) character file.

Game seed: 18008319355428298782

190 Dirian the Slasher (level 5, -9/43 HPs)
             Began as a Barachi Fighter on Feb 13, 2022.
             Was an Initiate of Okawaru.
             Mangled by an ogre (23 damage)
             ... on level 4 of the Dungeon.
             The game lasted 00:04:05 (3858 turns).

Dirian the Slasher (Barachi Fighter)                Turns: 3858, Time: 00:04:06

Health: -9/43      AC:  9    Str: 17    XL:     5   Next: 69%
Magic:  5/5        EV:  7    Int:  8    God:    Okawaru [......]
Gold:   214        SH:  5    Dex: 14    Spells: 4/4 levels left

rFire   . . .      SeeInvis .   a - +0 long sword
rCold   . . .      Faith    .   c - +0 buckler
rNeg    . . .      Spirit   .   n - +0 chain mail
rPois   .          Reflect  .   (no helmet)
rElec   .          Harm     .   (no cloak)
rCorr   .          Rampage  .   (no gloves)
Will    .....                   (no boots)
Stlth   ..........              (no amulet)
HPRegen 0.14/turn               (no ring)
MPRegen 0.09/turn               (no ring)

@: slow
A: amphibious, slowness 1, strong legs 1, +LOS
a: Hop, Renounce Religion


You were on level 4 of the Dungeon.
You worshipped Okawaru.
Okawaru was noncommittal.
You visited 2 branches of the dungeon, and saw 5 of its levels.

You collected 214 gold pieces.

Inventory:

Hand Weapons
 a - a +0 long sword (weapon)
Missiles
 e - 110 stones
Armour
 c - a +0 buckler (worn)
 n - a +0 chain mail (worn)
Wands
 d - a wand of flame (20)
Scrolls
 f - 3 scrolls of amnesia {unknown}
 i - a scroll of enchant armour {unknown}
 j - 3 scrolls of magic mapping
 t - 2 scrolls of teleportation
Potions
 b - a potion of ambrosia {unknown}
 g - a potion of degeneration {unknown}
 h - 2 potions of haste
 l - a potion of magic
 q - a potion of curing


   Skills:
 + Level 4.5 Fighting
 * Level 4.7 Long Blades
 + Level 4.5 Armour
 - Level 1.0 Dodging
 + Level 4.1 Shields


You had 4 spell levels left.
You didn't know any spells.
Your spell library contained the following spells:

 Spells                   Type           Power      Damage    Failure   Level
 Scorch                   Fire           0%         2d5       100%        2
 Gell's Gravitas          Tloc           0%         N/A       100%        3
 Teleport Other           Tloc           0%         N/A       100%        3
 Flame Wave               Conj/Fire      0%         2d4       100%        4
 Dispersal                Tloc           0%         N/A       100%        6
 Orb of Destruction       Conj           0%         9d5       100%        7
 Summon Guardian Golem    Hex/Summ       Unusable   N/A       N/A         3
 Summon Cactus Giant      Summ           Unusable   N/A       N/A         6
 Spellforged Servitor     Conj/Summ      Unusable   N/A       N/A         7

Dungeon Overview and Level Annotations

Branches:
Dungeon (4/15)             Temple (1/1) D:4

Altars:
Ashenzari
Cheibriados
Dithmenos
Fedhas
Gozag
Hepliaklqana
Kikubaaqudgha
Nemelex Xobeh
Okawaru
Sif Muna
Trog
Uskayaw
Vehumet
Xom
Yredelemnul
The Shining One

Annotations:
D:3 2 transporters, exclusion: statue, AmberJosephineLiu's ghost, weakling OpEE


Innate Abilities, Weirdness & Mutations

You are amphibious.
You cover ground slowly.
You can hop short distances.
You have an extended range of vision and can be seen from far away.


Message History

The dart slug is moderately wounded.
The dart slug launches a dart at you. The slug dart hits you.
You hit the dart slug.
The dart slug is severely wounded.
The dart slug closely misses you.
You hit the dart slug.
The dart slug is almost dead.
You hit the dart slug.
You kill the dart slug!
Okawaru accepts your kill.
You see here a dart slug corpse.
Found a stone staircase leading up and a stone staircase leading down.
HP restored.
There is a stone staircase leading up here.
e - 97 stones (gained 23)
e - 110 stones (gained 13)
i - a scroll labelled VITADU YTSENER You open the door.
An ogre comes into view. It is wielding a +0 giant club.
The ogre shouts!
You hit the ogre.
The ogre is lightly wounded.
The ogre hits you with a +0 giant club!
You hit the ogre.
The ogre is moderately wounded.
You barely miss the ogre.
The ogre is moderately wounded.
You block the ogre's attack.
You hit the ogre.
The ogre is heavily wounded.
The ogre closely misses you.
You hit the ogre.
The ogre is severely wounded.
The ogre hits you with a +0 giant club!
You hit the ogre.
The ogre is severely wounded.
The ogre hits you with a +0 giant club!!
Ouch! That really hurt!
You die...

###############
......>........
#########...<.....
#...........###..#
#...........# ##†.
#...........# ##≈
#.###........^..#####≈
#...O@..........+.....
#####...........######
#...........# ###
#...........# #≈≈
#...........# ###
#...........# #
#...........# #
############# #


You could see an ogre.

Vanquished Creatures
  A scorpion (D:3)
  6 adders
  2 worms
  A dart slug (D:4)
  9 orcs
  6 ball pythons
  5 bats
  5 endoplasms
  2 giant cockroaches
  6 hobgoblins
  3 kobolds
  2 quokkas
  2 frilled lizards
  5 goblins
  3 rats
58 creatures vanquished.

Vanquished Creatures (others)
  A goblin (D:3)
1 creature vanquished.

Grand Total: 59 creatures vanquished

Notes
Turn   | Place    | Note
-------+----------+-------------------------------------------
     0 | D:1      | Dirian the Barachi Fighter began the quest for the Orb.
     0 | D:1      | Reached XP level 1. HP: 18/18 MP: 1/1
   205 | D:1      | Reached XP level 2. HP: 21/25 MP: 2/2
   625 | D:2      | Reached skill level 1 in Dodging
   625 | D:2      | Reached XP level 3. HP: 30/30 MP: 3/3
  1037 | D:2      | Found a faded altar of an unknown god.
  1739 | D:3      | Reached XP level 4. HP: 37/37 MP: 4/4
  1788 | D:3      | Noticed a scorpion
  1796 | D:3      | Killed a scorpion
  1797 | D:3      | Reached XP level 5. HP: 22/43 MP: 5/5
  2191 | D:3      | Found a radiant altar of Vehumet.
  2219 | D:3      | Noticed a charred statue
  2622 | D:3      | Noticed AmberJosephineLiu's ghost (weakling OpEE)
  2623 | D:3      | Found a transporter.
  2624 | D:3      | Noticed an ogre
  2625 | D:3      | Noticed an ogre
  2627 | D:3      | Found a transporter.
  3113 | D:4      | Found a staircase to the Ecumenical Temple.
  3332 | Temple   | Entered the Ecumenical Temple
  3527 | Temple   | Became a worshipper of Warmaster Okawaru
  3851 | D:4      | Noticed an ogre
  3858 | D:4      | Mangled by an ogre

Illustrated notes

Levels and vault maps discovered:
D:1:      tarquinn_simple_flora_water_a, layout_rooms
D:2:      layout_basic, hellmonk_ecumenical_altar_crossroads
D:3:      layout_basic, vehumet_statue, gammafunk_ghost_smash,
          lemuel_old_faithful
D:4:      layout_basic, minmay_temple_entry_waves,
          chequers_serial_rivers_small_b, minmay_misc_feat_iff,
          minmay_misc_feat_alley, minmay_misc_feat_more_columns,
          minmay_misc_feat_cross
Temple:   regret_index_temple_generic_petals

Skill      XL: |  1  2  3  4 |
---------------+-------------+-----
Long Blades    | 3 4 |  4.7
Dodging        | 1 |  1.0
Fighting       | 4 |  4.5
Armour         | 4 |  4.5
Shields        | 4 |  4.1

Action                   |  1- 3 |  4- 6 || total
-------------------------+-------+-------++-------
Melee: Long sword        |   113 |   120 ||   233
  Use: Potion            |       |     1 ||     1
       Scroll            |       |     8 ||     8
Armor: Scale mail        |    40 |    64 ||   104
       Chain mail        |       |     8 ||     8
Dodge: Dodged            |    57 |    60 ||   117
Block: Buckler           |    25 |    40 ||    65
